 Dungeon Crawl Stone Soup version 0.30-a0-913-g9934a0ce24 (webtiles) character file.

Game seed: 4722738392576512120

209 Iniera the Cutter (level 5, -1/27 (29) HPs)
             Began as a Vine Stalker Monk on Mar 19, 2023.
             Slain by a wight
             ... wielding a +4 morningstar
              (2 damage)
             ... on level 4 of the Dungeon.
             The game lasted 00:04:19 (2410 turns).

Iniera the Cutter (Vine Stalker Monk)               Turns: 2410, Time: 00:04:20

HP:   -1/27 (29)    AC:  5    Str: 14    XL:     5   Next: 87%
MP:   0/6           EV: 13    Int: 10    God:
Gold: 148           SH:  0    Dex: 18    Spells: 4/4 levels left

rFire   . . .      SeeInvis .    e - +3 dagger (vamp)
rCold   . . .      Faith    .    (no shield)
rNeg    . . .      Spirit   +    b - +0 robe
rPois   .          Reflect  .    n - +1 helmet
rElec   .          Rampage  .    (no cloak)
rCorr   .                        h - +0 pair of gloves
Will    .....                    (no boots)
Stlth   ++                       (no amulet)
HPRegen 1.04/turn                (no ring)
MPRegen 0.10/turn                (no ring)

@: drained
A: fangs 2, regeneration 1, magic shield, antimagic bite, no potion heal 2
a: no special abilities


You were on level 4 of the Dungeon.
You visited 1 branch of the dungeon, and saw 4 of its levels.

You collected 148 gold pieces.

Inventory:

Hand Weapons
 a - a +0 short sword
 e - a +3 vampiric dagger (weapon)
Armour
 b - a +0 robe (worn)
 h - a +0 pair of gloves (worn)
 n - a +1 helmet (worn)
Jewellery
 i - a ring of wizardry
 l - an amulet of faith
 q - a ring of flight
Scrolls
 d - a scroll of teleportation
 p - a scroll of torment
 r - a scroll of identify
Potions
 c - a potion of ambrosia
 f - 5 potions of curing
 g - a potion of might
 j - a potion of heal wounds {unknown}
 k - a potion of mutation {unknown}
 m - 2 potions of degeneration {unknown}
 o - 2 potions of brilliance {unknown}
 s - a potion of resistance {unknown}


   Skills:
 + Level 3.7 Fighting
 * Level 4.6 Short Blades
 + Level 3.0 Dodging
 - Level 2.4 Stealth


You had 4 spell levels left.
You didn't know any spells.
Your spell library was empty.

Dungeon Overview and Level Annotations

Branches:
Dungeon (4/15)
 Temple: D:4-7

Altars:
Cheibriados
Kikubaaqudgha
Okawaru
Xom


Innate Abilities, Weirdness & Mutations

You have extremely sharp teeth.
Your natural rate of healing is unusually fast.
When hurt, damage is shared between your health and your magic reserves.
Your bite disrupts and absorbs the magic of your enemies.
Potions cannot restore your health.


Message History

Things that are here:
a +0 whip; a kobold corpse You hit the jackal but do no damage.
Your bite misses the jackal.
The jackal is severely wounded.
The jackal bites you but does no damage.
You hit the jackal.
You feel better.
The jackal is almost dead.
The jackal bites you but does no damage.
You barely miss the jackal. You bite the jackal, but do no damage.
The jackal is almost dead.
The jackal bites you.
You closely miss the jackal. Your bite misses the jackal.
The jackal is almost dead.
The jackal barely misses you.
You hit the jackal.
You kill the jackal!
You hit the wight but do no damage. You bite the wight. You drain its power.
You feel invigorated.
The wight is heavily damaged.
You barely miss the wight.
The wight is heavily damaged.
The wight barely misses you.
You hit the wight but do no damage.
The wight is heavily damaged.
The wight barely misses you.
You hit the wight.
The wight is severely damaged.
The wight hits you with a +4 morningstar!
You feel drained.
You closely miss the wight.
The wight is severely damaged.
The wight misses you.
You hit the wight but do no damage.
The wight is severely damaged.
You hit the wight but do no damage. You bite the wight, but do no damage.
The wight is severely damaged.
The wight hits you with a +4 morningstar!
* * * LOW HITPOINT WARNING * * *
You feel drained.
You die...

... ## ... .#
#.### .# #
#.).### .#
#.#.###.###.#
#....#[..#..#
#..#...#...#
#.###.###.## #.
###@z.## #.
######..#
...#...#...#
...........#
..#..###..##
.#..###.#######
..............#
....###.#####.#
.. #.# #.#


You could see a wight.

Vanquished Creatures
  A black bear (D:3)
  3 adders
  5 worms
  4 orcs
  7 ball pythons
  3 bats (D:2)
  6 endoplasms
  A giant cockroach (D:3)
  8 hobgoblins
  8 jackals
  8 kobolds
  3 quokkas
  4 frilled lizards
  5 goblins
  3 rats
69 creatures vanquished.

Notes
Turn   | Place    | Note
-------+----------+-------------------------------------------
     0 | D:1      | Iniera the Vine Stalker Monk began the quest for the Orb.
     0 | D:1      | Reached XP level 1. HP: 11/11 MP: 2/2
    39 | D:1      | Found a faded altar of an unknown god.
    69 | D:1      | Reached skill level 3 in Short Blades
    71 | D:1      | Reached XP level 2. HP: 6/16 MP: 1/3
   430 | D:1      | Reached XP level 3. HP: 20/20 MP: 4/4
  1133 | D:2      | Gained mutation: Your natural rate of healing is unusually
                  | fast. [Vine Stalker growth]
  1133 | D:2      | Reached XP level 4. HP: 24/24 MP: 5/5
  1350 | D:2      | Reached skill level 4 in Short Blades
  2243 | D:3      | Found a snail-covered altar of Cheibriados.
  2243 | D:3      | Noticed a black bear
  2247 | D:3      | Killed a black bear
  2248 | D:3      | Reached XP level 5. HP: 29/29 MP: 6/6
  2251 | D:3      | Found an ancient bone altar of Kikubaaqudgha.
  2268 | D:3      | Found a shimmering altar of Xom.
  2271 | D:3      | Found an iron altar of Okawaru.
  2410 | D:4      | HP: 1/28 [wight/+4 morningstar (11)]
  2410 | D:4      | Slain by a wight

Illustrated notes

Levels and vault maps discovered:
D:1:      minmay_arrival_cross, layout_basic,
          hellmonk_ecumenical_altar_dog_temple, serial_corexii_hall,
          corexii_hall_statues_i, corexii_hall_statues_l,
          corexii_hall_statues_s, corexii_hall_statues_t, minmay_surrounded
D:2:      layout_loops_cross, grunt_ministairs_1
D:3:      layout_loops_ring, grunt_temple_overflow_cloverleaf
D:4:      layout_loops_ring, minmay_temple_entry_glassed_door,
          portal_sewer_entry_f, minmay_between, uniq_pikel

Skill      XL: |  1  2  3  4 |
---------------+-------------+-----
Short Blades   | 3 4 |  4.6
Fighting       | 3 |  3.7
Dodging        | 3 |  3.0
Stealth        | |  2.4

Action                     |  1- 3 |  4- 6 || total
---------------------------+-------+-------++-------
  Melee: Short sword       |    95 |       ||    95
         Bite              |    27 |    31 ||    58
         Punch             |     1 |       ||     1
         Dagger            |    15 |    81 ||    96
    Use: Scroll            |     3 |     4 ||     7
   Stab: Sleeping          |     6 |     9 ||    15
 Armour: Robe              |    13 |    14 ||    27
  Dodge: Dodged            |    79 |    35 ||   114

Table legend: (Time is in decaauts)
 A = Elapsed time spent in this place.
 B = Non-inter-level travel time spent in this place.
 C = Inter-level travel time spent in this place.
 D = Time resting spent in this place.
 E = Time spent auto-exploring this place.
 F = Levels seen in this place.
 G = Mean time per level.
                   A        B        C        D        E       F      G
               +--------+--------+--------+--------+--------+-----+--------+
         Total |   2374 |   2288 |     86 |     24 |   1788 |   4 |  593.5 |
       Dungeon |   2374 |   2288 |     86 |     24 |   1788 |   4 |  593.5 |
               +--------+--------+--------+--------+--------+-----+--------+

Top non-repeatable levels by time:
     D:1: 900 daAuts
     D:3: 765 daAuts
     D:2: 623 daAuts
     D:4: 85 daAuts
